 Dungeon Crawl Stone Soup version 0.31-a0-1074-g0b22e4e0f1 (webtiles) character file.

Game seed: 623460829324036802

2 Spaninq the Chopper (level 1, 0/20 HPs)
             Began as a Hill Orc Cinder Acolyte on Nov 26, 2023.
             Was a High Priest of Ignis.
             Slain by a gnoll
             ... wielding a +0 flail
              (9 damage)
             ... on level 1 of the Dungeon.
             The game lasted 00:00:30 (74 turns).

Spaninq the Chopper (Hill Orc Cinder Acolyte)         Turns: 74, Time: 00:00:31

Health: 0/20       AC:  5    Str: 16    XL:     1   Next: 30%
Magic:  2/2        EV: 10    Int: 14    God:    Ignis [*****.]
Gold:   13         SH:  0    Dex:  6    Spells: 2/2 levels left

rFire   + . .        a - -1 hand axe (flame)
rCold   . . .        (no shield)
rNeg    . . .        d - +0 ring mail
rPois   .            (no helmet)
rElec   .            (no cloak)
rCorr   .            (no gloves)
SInv    .            (no boots)
Will    .....        (no amulet) Stlth
                     (no ring)
HPRegen 0.23/turn    (no ring)
MPRegen 0.08/turn

%: no passive effects
@: no status effects
A: no striking features
a: Renounce Religion, Fiery Armour, Foxfire Swarm, Rising Flame


You were on level 1 of the Dungeon.
You worshipped Ignis.
Ignis was extremely pleased with you.
You visited 1 branch of the dungeon, and saw 1 of its levels.

You collected 13 gold pieces.

Inventory:

Hand Weapons
 a - a -1 hand axe of flaming (weapon)
Armour
 d - a +0 ring mail (worn)
Potions
 c - a potion of heal wounds {unknown}


   Skills:
 + Level 3.6 Fighting
 * Level 4.1 Axes
 - Level 1.0 Spellcasting
 - Level 3.2 Fire Magic


You had 2 spell levels left.
You didn't know any spells.
Your spell library contained the following spells:

 Spells                   Type           Power      Damage    Failure   Level
 Scorch                   Fire           18%        2d5       21%         2


Dungeon Overview and Level Annotations

Branches:
Dungeon (1/15)

Altars:


Message History

There is a large open door here.
c - a brown potion A giant cockroach comes into view.
Found 13 gold pieces.
Found a ring mail.
The giant cockroach bites you but does no damage.
You hit the giant cockroach. You burn the giant cockroach.
You kill the giant cockroach!
You now have 13 gold pieces.
Found 5 large rocks.
You see here a +0 ring mail.
d - a +0 ring mail You start removing your armour.
You continue taking off your +0 robe. x4
You finish taking off your +0 robe.
You start putting on your armour.
You continue putting on your +0 ring mail. x5
You finish putting on your +0 ring mail.
You drop a +0 robe.
A bat comes into view.
The bat closely misses you.
You barely miss the bat. The bat closely misses you. The bat barely misses you.
The bat hits you but does no damage.
You slash the bat! You burn the bat.
You kill the bat!
There is a fountain of clear blue water here.
A gnoll comes into view. It is wielding a +0 flail.
The gnoll moves out of view.
You hit the gnoll but do no damage. The gnoll hits you with a +0 flail.
You hit the gnoll but do no damage. The gnoll hits you with a +0 flail!
Ouch! That really hurt!
The gnoll attacks as it pursues you! The gnoll closely misses you.
There is a fountain of clear blue water here.
The gnoll attacks as it pursues you! The gnoll barely misses you.
You hit the gnoll. You burn the gnoll.
The gnoll is moderately wounded.
The gnoll closely misses you.
You hit the gnoll. You burn the gnoll.
The gnoll is severely wounded.
The gnoll hits you with a +0 flail!
You die...

...#...... .......
....# #..# #8.#
#..# #.8#########
#.g8.......########
#..@....8..........
###########.######
#.# #.#
#######.###.####
...............#
#.########.##[##.#
#..........##.##.#
#♣.♣#''##..##.##.#
♣ #...#P.##.##.#


You could see a gnoll.

Vanquished Creatures
  A giant cockroach (D:1)
  A bat (D:1)
2 creatures vanquished.

Notes
Turn   | Place    | Note
-------+----------+-------------------------------------------
     0 | D:1      | Spaninq the Hill Orc Cinder Acolyte began the quest for the
                  | Orb.
     0 | D:1      | Reached XP level 1. HP: 19/19 MP: 2/2
    74 | D:1      | Slain by a gnoll

Illustrated notes

Levels and vault maps discovered:
D:1:      sevenhm_arrival_forest_fort_small_3, layout_loops_ring,
          chequers_decorated_corner

Action                     || total
---------------------------++-------
  Melee: Hand axe          ||     7
 Armour: Ring mail         ||     4
         Robe              ||     1
  Dodge: Dodged            ||     6

Table legend: (Time is in decaauts)
 A = Elapsed time spent in this place.
 B = Non-inter-level travel time spent in this place.
 C = Inter-level travel time spent in this place.
 D = Time resting spent in this place.
 E = Time spent auto-exploring this place.
 F = Levels seen in this place.
 G = Mean time per level.
                   A        B        C        D        E       F      G
               +--------+--------+--------+--------+--------+-----+--------+
         Total |     74 |     74 |      0 |      0 |     26 |   1 |   74.0 |
       Dungeon |     74 |     74 |      0 |      0 |     26 |   1 |   74.0 |
               +--------+--------+--------+--------+--------+-----+--------+

Top non-repeatable levels by time:
     D:1: 74 daAuts
